 Dungeon Sprint DCSS version 0.29-a0-819-g94b489e0ae (webtiles) character file.

Game seed: 7612923306419671864

1162 mhtbhm the Grappler (level 7, -14/62 HPs)
             Began as a Demigod Transmuter on July 6, 2022.
             Demolished by a deep troll (15 damage)
             ... in the Dungeon (Sprint I: "Red Sonja").
             The game lasted 00:02:02 (791 turns).

mhtbhm the Grappler (Demigod Transmuter)             Turns: 791, Time: 00:02:04

Health: -14/62     AC:  6    Str: 19    XL:     7   Next: 95%
Magic:  16/21      EV: 12    Int: 15    God:
Gold:   732        SH:  0    Dex: 14    Spells: 9/19 levels left

rFire   x . .      SeeInvis .     - Unarmed
rCold   + + +      Faith    .   (shield currently unavailable)
rNeg    . . .      Spirit   .   (body armour currently unavailable)
rPois   +          Reflect  .   (helmet currently unavailable)
rElec   .          Harm     .   (cloak currently unavailable)
rCorr   .          Rampage  .   (gloves currently unavailable)
Will    .....      NoTele   +   (boots currently unavailable)
Stlth   ++........              (no amulet)
HPRegen 0.20/turn               (no ring)
MPRegen 0.17/turn               (no ring)

@: ice-form, wereblooded
A: freezing attack, amphibious, boosted hp, large, high MP 1, forlorn, divine
attributes
a: End Transformation


You were in the Dungeon.
You were a creature of crystalline ice.
You visited 1 branch You collected 732 gold pieces.

Inventory:

Missiles
 d - 5 curare-tipped darts
Armour
 a - a +0 robe (melded)
Wands
 b - a wand of flame (6)
Scrolls
 g - a scroll of magic mapping {unknown}
Potions
 c - 5 potions of curing
 e - a potion of haste
 f - 2 potions of magic
 h - a potion of lignification


   Skills:
 + Level 1.2 Fighting
 + Level 6.8 Dodging
 + Level 1.4 Stealth
 + Level 11.9 Unarmed Combat
 + Level 6.9 Spellcasting
 + Level 6.3 Transmutations
 + Level 0.3 Poison Magic
 + Level 1.2 Evocations


You had 9 spell levels left.
You knew the following spells:

 Your Spells              Type           Power      Damage    Failure   Level
a - Beastly Appendage     Tmut           48%        N/A       1%          1
b - Wereblood             Tmut           24%        N/A       1%          2
c - Spider Form           Tmut/Pois      15%        N/A       10%         3
d - Ice Form              Ice/Tmut       14%        N/A       36%         4

Your spell library contained the following spells:

 Spells                   Type           Power      Damage    Failure   Level


Dungeon Overview and Level Annotations

Branches:
Dungeon (1/1)

Shops:
D *:


Innate Abilities, Weirdness & Mutations

You are a creature of crystalline ice.
You have a powerful freezing melee attack.
You are amphibious.
Your maximum health is increased.
Your armour is entirely melded.
You are incapable of wielding weapons or throwing items.
You have an increased reservoir of magic. (+10% MP)
You shall have no god before yourself.
Your divine heritage dramatically boosts your attributes as you level up.


Message History

A deep troll comes into view.
Found 108 gold pieces.
Unknown command.
The deep troll shouts!
There is an open door here.
Aiming: Throw Flame
Press: ? - help, Shift-Dir - straight line, f - deep troll
Aim: a deep troll (68% to hit)
The puff of flame hits the deep troll.
The deep troll is lightly wounded.
Unknown command.
You pummel the deep troll!! You freeze the deep troll.
The deep troll is severely wounded.
The deep troll bites you. The deep troll claws you. The deep troll claws you!
You hit the deep troll. You freeze the deep troll.
The deep troll is severely wounded.
The deep troll bites you!! The deep troll closely misses you.
The deep troll claws you.
* * * LOW HITPOINT WARNING * * *
You barely miss the deep troll.
The deep troll is severely wounded.
You hit the deep troll. You freeze the deep troll.
The deep troll is severely wounded.
The deep troll barely misses you. The deep troll claws you.
* * * LOW HITPOINT WARNING * * *
The deep troll claws you.
* * * LOW HITPOINT WARNING * * *
Press: ? - help, v - describe, . - travel, g - get item
Here: a deep troll (severely wounded) Item here: 27 gold pieces.
The floor, spattered with blood.
Okay, then.
You hit the deep troll. You freeze the deep troll.
The deep troll is almost dead.
The deep troll bites you.
* * * LOW HITPOINT WARNING * * *
The deep troll claws you.
* * * LOW HITPOINT WARNING * * *
The deep troll claws you!
You die...

#..#####'#####'#__####
#..####..#...#)####
#..#__####..##.#
#..#_____##'#_.+
#⌠⌠#_.∩..÷'..._#
####_..__##_.#'#
#_____###'#.#
############.####+###
#∩........'...YT$.$$+
###++++####...#######
###.### #.#'#.#
#.....# #..[..#
#######


You could see a deep troll.

Vanquished Creatures
  Sonja (D)
  A slime creature (D)
  Sigmund (D)
  A yak (D)
  An ogre (D)
  A jelly (D)
  Ijyb (D)
7 creatures vanquished.

Vanquished Creatures (others)
  2 ballistomycete spores (D)
2 creatures vanquished.

Grand Total: 9 creatures vanquished

Notes
Turn   | Place    | Note
-------+----------+-------------------------------------------
     0 | D        | mhtbhm the Demigod Transmuter began the quest for the Orb.
     0 | D        | Reached XP level 1. HP: 15/15 MP: 5/5
     4 | D        | Noticed Ijyb
    14 | D        | Killed Ijyb
    15 | D        | Reached skill level 4 in Unarmed Combat
    15 | D        | Reached XP level 2. HP: 22/22 MP: 6/8
   205 | D        | Learned a level 2 spell: Wereblood
   208 | D        | Noticed an ogre
   211 | D        | Killed an ogre
   212 | D        | Reached skill level 6 in Unarmed Combat
   212 | D        | Reached XP level 3. HP: 27/27 MP: 6/11
   212 | D        | Reached XP level 4. HP: 34/34 MP: 6/12
   289 | D        | Learned a level 3 spell: Spider Form
   294 | D        | Learned a level 4 spell: Ice Form
   296 | D        | Noticed Sigmund
   300 | D        | Killed Sigmund
   301 | D        | Reached skill level 8 in Unarmed Combat
   301 | D        | Reached XP level 5. HP: 39/39 MP: 6/15
   311 | D        | Noticed a slime creature
   316 | D        | Killed a slime creature
   317 | D        | Reached skill level 5 in Dodging
   317 | D        | Reached skill level 10 in Unarmed Combat
   317 | D        | Reached skill level 5 in Spellcasting
   317 | D        | Reached skill level 5 in Transmutations
   317 | D        | Reached XP level 6. HP: 46/46 MP: 9/17
   325 | D        | Found Zinwut's Book Emporium.
   325 | D        | Noticed a yak
   334 | D        | Killed a yak
   335 | D        | Reached skill level 1 in Fighting
   335 | D        | Reached XP level 7. HP: 20/52 MP: 11/19
   578 | D        | Noticed Sonja
   596 | D        | Killed Sonja
   597 | D        | Reached skill level 1 in Stealth
   597 | D        | Reached skill level 11 in Unarmed Combat
   597 | D        | Reached skill level 1 in Evocations
   652 | D        | Found Veiczeog's Assorted Antiques.
   784 | D        | Noticed a deep troll
   791 | D        | HP: 1/62 [deep troll (4)]
   791 | D        | Demolished by a deep troll

Illustrated notes

Levels and vault maps discovered:
D:        dungeon_sprint_1 [red_sonja_temple_1, red_sonja_temple_small_1]

Skill      XL: |  1  2  3  4  5  6  7 |
---------------+----------------------+-----
Dodging        | 2 3 4 5 6 |  6.8
Unarmed Combat | 4 6 8 10 11 | 11.9
Spellcasting   | 2 3 4 5 6 |  6.9
Transmutations | 2 3 4 5 6 |  6.3
Fighting       | 1 |  1.2
Stealth        | 1 |  1.4
Evocations     | 1 |  1.2
Poison Magic   | |  0.3

Action                   |  1- 3 |  4- 6 |  7- 9 || total
-------------------------+-------+-------+-------++-------
Melee: Unarmed           |    11 |    16 |     8 ||    35
       Punch             |     1 |       |       ||     1
       Kick              |     2 |       |       ||     2
       Headbutt          |     1 |       |       ||     1
 Cast: Wereblood         |     1 |     1 |     2 ||     4
       Beastly Appendage |     1 |       |       ||     1
       Ice Form          |       |     1 |     1 ||     2
       Spider Form       |       |       |     1 ||     1
Evoke: Wand              |       |       |     5 ||     5
  Use: Potion            |     2 |       |     2 ||     4
       Scroll            |       |       |     1 ||     1
 Stab: Sleeping          |       |     1 |       ||     1
Armor: Skin              |     5 |       |       ||     5
Dodge: Dodged            |       |     7 |    11 ||    18

Table legend: (Time is in decaauts)
 A = Elapsed time spent in this place.
 B = Non-inter-level travel time spent in this place.
 C = Inter-level travel time spent in this place.
 D = Time resting spent in this place.
 E = Time spent auto-exploring this place.
 F = Levels seen in this place.
 G = Mean time per level.
                   A        B        C        D        E       F      G
               +--------+--------+--------+--------+--------+-----+--------+
         Total |    776 |    776 |      0 |    504 |      0 |   1 |  776.0 |
       Dungeon |    776 |    776 |      0 |    504 |      0 |   1 |  776.0 |
               +--------+--------+--------+--------+--------+-----+--------+

Top non-repeatable levels by time:
       D: 776 daAuts
